 Dungeon Crawl Stone Soup version 0.28-a0-724-g66f9036eb4 (webtiles) character file.

Game seed: 1000427185196324197

25687 lawman0 the Zephyrmancer (level 13, -3/138 HPs)
             Began as a Barachi Warper on Oct 26, 2021.
             Was an Initiate of Gozag.
             Slain by a minotaur (5 damage)
             ... in a Gauntlet on Oct 27, 2021.
             The game lasted 00:53:22 (19255 turns).

lawman0 the Zephyrmancer (Barachi Warper)          Turns: 19255, Time: 00:53:23

Health: -3/138     AC: 26    Str: 18    XL:     13   Next: 21%
Magic:  16/27      EV:  2    Int: 18    God:    Gozag
Gold:   1205       SH:  5    Dex: 13    Spells: 3/33 levels left

rFire   . . .      SeeInvis .   b - staff of air
rCold   . . .      Faith    .   e - +0 buckler
rNeg    + + +      Spirit   .   (armour currently unavailable)
rPois   +          Reflect  .   (helmet currently unavailable)
rElec   +          Harm     .   (cloak currently unavailable)
rCorr   .          Rampage  .   (gloves currently unavailable)
Will    ++...      NoTele   +   (boots currently unavailable)
Stlth   +++.......              i - amulet of magic regeneration
HPRegen 0.33/turn               f - ring of Tulips {*Corrode rN+++ Will++ Str+6 Stlth+}
MPRegen 0.45/turn               A - ring of poison resistance

@: tree-form
A: stationary, stasis, torment immunity, boosted hp, (amphibious), (slowness 1),
(strong legs 2), +LOS
a: Renounce Religion, Potion Petition, Call Merchant, Bribe Branch


You were in a Gauntlet.
You worshipped Gozag.
Gozag was most pleased with you.
You were a tree.
You visited 3 branches of the dungeon, and saw 16 of its levels.
You also visited: Gauntlet.

You collected 3368 gold pieces.
You spent 638 gold pieces at shops.
You paid 1525 gold pieces to Gozag.

Inventory:

Hand Weapons
 a - a +4 scimitar of flaming
 j - a +1 double sword of holy wrath
 t - the +7 war axe of the Spheres {elec, Str+4}
   (You found it in a Gauntlet)

   It occasionally discharges a powerful burst of electricity upon striking a
   foe.
   Str:       It affects your strength (+4).
Missiles
 d - 5 boomerangs of dispersal
 v - 12 javelins (quivered)
 y - 3 throwing nets
 z - 10 boomerangs
 P - 5 curare-tipped darts
Armour
 e - a +0 buckler (worn)
 n - the +0 pair of boots of Belivuim (melded) {rElec rF+ Str-5 Dex+9}
   (You found it in a Gauntlet)

   Str:       It affects your strength (-5).
   Dex:       It affects your dexterity (+9).
   rF:        It protects you from fire.
   rElec:     It insulates you from electricity.
 o - a +0 pair of boots
 r - a +0 pair of gloves (melded)
 s - a +0 helmet of see invisible (melded)
 E - a +1 leather armour of cold resistance (melded)
 L - a +0 cloak (melded)
Magical Staves
 b - a staff of air (weapon)
Jewellery
 f - the ring of Tulips (left branch) {*Corrode rN+++ Will++ Str+6 Stlth+}
   (You found it in a Gauntlet)

   [ring of strength]

   Str:       It affects your strength (+6).
   rN:        It renders you almost immune to negative energy.
   *Corrode:  It may corrode you when you take damage.
   Will:      It greatly increases your willpower.
   Stlth:     It makes you more stealthy.
 h - a +4 ring of protection
 i - an amulet of magic regeneration (around neck)
 m - a ring of protection from fire
 A - a ring of poison resistance (right branch)
 N - a ring of protection from cold
 W - an amulet of the acrobat
Wands
 x - a wand of flame (29)
 B - a wand of paralysis (17)
 F - a wand of iceblast (21)
 T - a wand of charming (1)
 V - a wand of polymorph (9)
Scrolls
 c - 4 scrolls of blinking
 k - a scroll of holy word
 l - 10 scrolls of teleportation
 p - a scroll of summoning
 C - 6 scrolls of vulnerability
 G - a scroll of silence
 M - 4 scrolls of fog
 U - 2 scrolls of fear
Potions
 g - 4 potions of curing
 q - 3 potions of lignification
 u - 3 potions of haste
 w - 3 potions of magic
 H - 3 potions of might {unknown}
 I - 4 potions of berserk rage
 K - 3 potions of ambrosia
 O - a potion of resistance
 R - a potion of flight {unknown}
 S - a potion of heal wounds


   Skills:
 + Level 5.4 Fighting
 * Level 10.7 Long Blades
 + Level 2.6 Throwing
 + Level 4.2 Armour
 + Level 4.8 Dodging
 + Level 2.1 Stealth
 + Level 5.6 Shields
 + Level 10.6 Spellcasting
 + Level 4.2 Conjurations
 + Level 8.1 Translocations
 + Level 11.6 Air Magic
 * Level 7.3 Poison Magic
 * Level 1.7 Evocations


You had 3 spell levels left.
You knew the following spells:

 Your Spells              Type           Power      Damage    Failure   Level
a - Blink                 Tloc           76%        N/A       1%          2
b - Teleport Other        Tloc           38%        N/A       1%          3
c - Swiftness             Air            67%        N/A       1%          3
d - Shock                 Conj/Air       100%       1d9       1%          1
e - Mephitic Cloud        Conj/Pois/Air  54%        N/A       1%          3
f - Airstrike             Air            33%        N/A       1%          4
g - Olgreb's Toxic Radia  Pois           35%        N/A       3%          4
h - Iskenderun's Mystic   Conj/Tloc      31%        2d8       6%          4
i - Manifold Assault      Tloc           38%        N/A       8%          5
j - Apportation           Tloc           76%        N/A       1%          1

Your spell library contained the following spells:

 Spells                   Type           Power      Damage    Failure   Level
 Magic Dart               Conj           96%        1d7       1%          1
 Sting                    Tmut/Pois      88%        1d7       1%          1
 Corpse Rot               Necr/Air       90%        N/A       1%          2
 Poisonous Vapours        Pois/Air       100%       N/A       1%          2
 Gell's Gravitas          Tloc           19%        N/A       1%          3
 Lesser Beckoning         Tloc           38%        N/A       1%          3
 Sandblast                Erth           18%        2d7       8%          1
 Dazzling Flash           Conj/Hex       34%        N/A       10%         3
 Stone Arrow              Conj/Erth      34%        3d9       10%         3
 Call Imp                 Summ           9%         N/A       12%         2
 Passwall                 Tmut/Erth      7%         N/A       12%         2
 Hailstorm                Conj/Ice       17%        3d6       30%         4
 Conjure Ball Lightning   Conj/Air       27%        3x3d8     41%         6
 Alistair's Intoxication  Tmut/Pois      14%        N/A       43%         5
 Animate Dead             Necr           4%         N/A       58%         4
 Dispel Undead            Necr           9%         3d8       58%         4
 Ice Form                 Ice/Tmut       9%         N/A       58%         4
 Borgnjor's Vile Clutch   Necr/Erth      4%         N/A       91%         5
 Starburst                Conj/Fire      8%         6d4       99%         6
 Death Channel            Necr           4%         N/A       100%        6
 Invisibility             Hex            4%         N/A       100%        6
 Simulacrum               Ice/Necr       4%         N/A       100%        6
 Discord                  Hex            4%         N/A       100%        8
 Disjunction              Tloc           19%        N/A       100%        8


Dungeon Overview and Level Annotations

Branches:
Dungeon (10/15)            Temple (1/1) D:7            Lair (5/6) D:10
  Swamp (0/4) Lair:3       Spider (0/4) Lair:2          Orc (0/2) D:10
Gauntlet (1/1)
  Slime: Lair:5-6

Altars:
Ashenzari
Cheibriados
Dithmenos
Elyvilon
Gozag
Makhleb
Nemelex Xobeh
Okawaru
Qazlal
Ru
Trog
Uskayaw
Xom
Yredelemnul
Zin
Lugonu

Shops:
D:4 ?   D:7 *   D:9 :   Lair:3 =

Annotations:
Gauntlet 3 runed translucent doors, 6 transporters


Innate Abilities, Weirdness & Mutations

You are a tree.
Your roots penetrate the ground, keeping you stationary.
You cannot be teleported.
You are immune to unholy pain and torment.
Your maximum health is greatly increased.
Your equipment is partially melded.
((You are amphibious.))
((You cover ground slowly.))
((You can hop long distances.))
You have an extended range of vision and can be seen from far away.


Message History

* * * LOW HITPOINT WARNING * * *
Really quaff the potion of lignification?
You turn into a tree.
Your +0 cloak melds into your body.
Your +0 helmet of see invisible melds into your body.
Your +0 pair of gloves melds into your body.
The +0 pair of boots of Belivuim {rElec rF+ Str-5 Dex+9} melds into your body.
Your +1 leather armour of cold resistance melds into your body.
You feel less perceptive.
You feel less resistant to cold.
Your roots penetrate the ground.
The minotaur hits you with a staff of poison!
* * * LOW HITPOINT WARNING * * *
The minotaur gores you but does no damage.
Unknown command.
Unknown command.
Aiming: Corrosive Bolt
Press: ? - help, Shift-Dir - straight line, f/p - minotaur
Aim: a minotaur, wielding a staff of poison, wearing a +0 chain mail, wearing the ring of Yrugh {rF+ rN++} and quivering javelins (heavily wounded, covered in acid, 83% to hit)
The bolt of acid hits the minotaur!
The minotaur seems to be corroded for longer.
The minotaur is severely wounded.
The minotaur hits you but does no damage.
The minotaur envenoms you.
* * * LOW HITPOINT WARNING * * *
The minotaur gores you but does no damage.
Unknown command.
Unknown command.
Aiming: Corrosive Bolt
Press: ? - help, Shift-Dir - straight line, f/p - minotaur
Aim: a minotaur, wielding a staff of poison, wearing a +0 chain mail, wearing the ring of Yrugh {rF+ rN++} and quivering javelins (severely wounded, covered in acid, 83% to hit)
The bolt of acid hits the minotaur!
The minotaur seems to be corroded for longer.
The minotaur is severely wounded.
The now-empty wand crumbles to dust.
The minotaur hits you with a staff of poison!!
* * * LOW HITPOINT WARNING * * *
The minotaur envenoms you.
* * * LOW HITPOINT WARNING * * *
The minotaur gores you.
You die...
Your body crumbles into a pile of gold.

..##.##..##≈..#.#. .
#.##.....###..#©#.
#.##....##..##≈..#=#^
...##.##..###..#s##
#.##.......#..#B..
#....##...©#..####
######.##.##....#.∩....
#∩...H.##.......#......
#♣...##...©#..####
#....##.##....#..#...
#....##.##.....###..#...
#..## #....##..##≈..#..#
# ..##.##..###..#...
#.##.....##≈..#©..
#....##..###..#...
###########≈..#..#
##..#...


You could see a minotaur (corroded).

Vanquished Creatures
  A catoblepas (Lair:2)
  A boulder beetle (Lair:3)
  A hydra (Lair:3)
  A tengu warrior (Gauntlet)
  The ghost of DJNightmares the Basher, a novice GnCA of Ignis (D:8)
  A sixfirhy (Gauntlet)
  Pikel (D:9)
  An oklob plant (D:10)
  5 elephants (Lair:1)
  Maggie (D:9)
  2 black mambas
  11 cane toads
  3 rime drakes
  5 kobold demonologists
  A tengu conjurer (Gauntlet)
  5 komodo dragons
  A polar bear (Lair:5)
  A tyrant leech (Gauntlet)
  Prince Ribbit (D:7)
  20 yaks
  4 wyverns
  A vampire mosquito (D:9)
  2 steam dragons (D:10)
  10 water moccasins
  2 swamp worms (Gauntlet)
  4 orc warriors
  8 necrophages
  5 ogres
  A black bear (D:6)
  4 centaurs
  5 wolves (Lair:1)
  A lemure (D:9)
  Blork the orc (D:6)
  2 kobold brigands
  2 wyvern zombies
  9 bullfrogs
  5 scorpions
  2 water moccasin zombies (D:5)
  A water moccasin skeleton (D:6)
  10 killer bees
  13 wights
  3 howler monkeys
  3 centaur zombies
  A centaur skeleton (D:6)
  6 orc priests
  4 hounds
  A bullfrog skeleton (D:7)
  Jessica (D:3)
  2 iguanas
  7 orc wizards
  Natasha (thrice) (D:4)
  3 hound skeletons
  7 gnolls
  11 adders
  2 shadow imps
  A white imp (D:6)
  3 ufetubi (Gauntlet)
  2 adder skeletons
  2 worms (D:3)
  3 dart slugs
  39 orcs
  6 ball pythons
  6 endoplasms
  4 giant cockroaches
  13 goblins
  6 hobgoblins
  4 quokkas
  4 bats
  2 frilled lizards
  14 kobolds
  10 rats
329 creatures vanquished.

Vanquished Creatures (collateral kills)
  The ghost of ytrimaz the Cleaver, a novice FoFi (D:6)
1 creature vanquished.

Vanquished Creatures (others)
  A kobold (D:10)
  3 demonic plants (D:10)
  13 fungi
  33 plants
50 creatures vanquished.

Grand Total: 380 creatures vanquished

Notes
Turn   | Place    | Note
-------+----------+-------------------------------------------
     0 | D:1      | lawman0 the Barachi Warper began the quest for the Orb.
     0 | D:1      | Reached XP level 1. HP: 17/17 MP: 3/3
    65 | D:1      | Reached XP level 2. HP: 3/23 MP: 5/5
   341 | D:1      | Learned a level 2 spell: Blink
   798 | D:1      | Reached XP level 3. HP: 4/28 MP: 6/6
  1219 | D:1      | Learned a level 3 spell: Teleport Other
  2308 | D:3      | Reached XP level 4. HP: 34/35 MP: 7/7
  2534 | D:3      | Noticed Jessica
  2541 | D:3      | Killed Jessica
  2570 | D:3      | Found a faded altar of an unknown god.
  2751 | D:3      | Reached skill level 1 in Air Magic
  2917 | D:3      | Reached XP level 5. HP: 11/41 MP: 8/8
  3406 | D:4      | Noticed Natasha
  3426 | D:4      | Killed Natasha
  3703 | D:4      | Noticed Natasha
  3716 | D:4      | Killed Natasha
  3833 | D:4      | Learned a level 3 spell: Swiftness
  3938 | D:4      | Found Otagiwitt's Magic Scroll Boutique.
  3945 | D:4      | Bought a scroll of identify for 20 gold pieces
  3945 | D:4      | Bought a scroll of enchant armour for 75 gold pieces
  3976 | D:4      | Noticed Natasha
  3997 | D:4      | Killed Natasha
  3998 | D:4      | Reached skill level 1 in Shields
  4590 | D:4      | Reached XP level 6. HP: 44/47 MP: 9/9
  4778 | D:4      | Learned a level 1 spell: Shock
  4795 | D:5      | Entered Level 5 of the Dungeon
  5063 | D:5      | Reached skill level 5 in Long Blades
  5063 | D:5      | Reached skill level 2 in Air Magic
  5243 | D:5      | Reached XP level 7. HP: 29/52 MP: 1/10
  5496 | D:5      | Reached skill level 5 in Translocations
  5531 | D:5      | Noticed a yak
  5532 | D:5      | Reached skill level 1 in Conjurations
  5720 | D:4      | Killed a yak
  5721 | D:4      | Reached XP level 8. HP: 33/58 MP: 8/12
  5919 | D:5      | Reached skill level 3 in Air Magic
  6508 | D:5      | Reached skill level 4 in Air Magic
  6543 | D:5      | Found a hide-covered altar of Uskayaw.
  7169 | D:6      | Found a transporter.
  7185 | D:6      | Found a transporter.
  7187 | D:6      | Noticed ytrimaz's ghost (novice FoFi)
  7214 | D:6      | Reached XP level 9. HP: 43/64 MP: 8/15
  7740 | D:6      | Noticed Blork the orc
  7748 | D:6      | Killed Blork the orc
  7770 | D:6      | based shock
  7774 | D:6      | Learned a level 3 spell: Mephitic Cloud
  7839 | D:6      | Reached skill level 5 in Air Magic
  7845 | D:6      | Learned a level 4 spell: Airstrike
  8153 | D:7      | Found Kumoetib's General Store.
  8156 | D:7      | Bought a scroll of identify for 22 gold pieces
  8156 | D:7      | Bought a scroll of identify for 22 gold pieces
  8165 | D:7      | Reached skill level 5 in Shields
  8239 | D:7      | Noticed Prince Ribbit
  8260 | D:7      | Killed Prince Ribbit
  8298 | D:7      | Found a staircase to the Ecumenical Temple.
  8309 | Temple   | Entered the Ecumenical Temple
  8322 | Temple   | Became a worshipper of Gozag Ym Sagoz the Greedy
  8592 | D:7      | Reached skill level 5 in Spellcasting
  8777 | D:7      | Reached skill level 1 in Poison Magic
  8951 | D:7      | Reached skill level 6 in Air Magic
  8951 | D:7      | Reached XP level 10. HP: 71/71 MP: 12/17
  9507 | D:3      | Found a broken altar of Ashenzari.
  9507 | D:3      | Found a burning altar of Makhleb.
  9507 | D:3      | Found a glowing silver altar of Zin.
  9510 | D:3      | Found a shimmering altar of Xom.
  9742 | D:4      | Bought 2 scrolls of teleportation for 60 gold pieces
  9742 | D:4      | Bought a scroll of summoning for 95 gold pieces
 10228 | D:8      | Found a sparkling altar of Nemelex Xobeh.
 10533 | D:8      | Found a runed translucent gate.
 10533 | D:8      | Found a runed translucent gate.
 10534 | D:8      | Found a runed translucent gate.
 10534 | D:8      | Noticed DJNightmares's ghost (novice GnCA)
 10644 | D:8      | Killed DJNightmares's ghost
 10645 | D:8      | Reached skill level 1 in Stealth
 10844 | D:9      | Noticed a kobold demonologist
 10846 | D:9      | Noticed a kobold demonologist
 10857 | D:9      | Killed a kobold demonologist
 10857 | D:9      | Killed a kobold demonologist
 10975 | D:9      | Learned a level 4 spell: Olgreb's Toxic Radiance
 11015 | D:9      | Reached skill level 7 in Air Magic
 11137 | D:9      | Noticed Pikel
 11150 | D:9      | Killed Pikel
 11298 | D:9      | Reached skill level 8 in Air Magic
 11389 | D:9      | Identified a scroll of acquirement
 11389 | D:9      | Acquired 912 gold pieces
 11394 | D:9      | Bought a book of Party Tricks for 300 gold pieces
 11569 | D:9      | Reached XP level 11. HP: 76/76 MP: 13/21
 11660 | D:9      | Noticed Maggie
 11666 | D:9      | Killed Maggie
 12327 | D:6      | Killed ytrimaz's ghost
 12328 | D:6      | Reached skill level 9 in Air Magic
 12484 | D:7      | Bought 2 scrolls of fog for 44 gold pieces
 12543 | D:10     | Entered Level 10 of the Dungeon
 12543 | D:10     | Found a staircase to the Orcish Mines.
 12574 | D:10     | Found a corrupted altar of Lugonu.
 13943 | D:10     | Found a staircase to the Lair.
 13943 | D:10     | Noticed an oklob plant
 13963 | D:10     | Killed an oklob plant
 14473 | Lair:1   | Entered Level 1 of the Lair of Beasts
 14994 | Lair:1   | Reached skill level 5 in Poison Magic
 15217 | Lair:1   | Learned a level 4 spell: Iskenderun's Mystic Blast
 15396 | Lair:1   | Reached skill level 5 in Fighting
 15396 | Lair:1   | Reached skill level 10 in Air Magic
 15396 | Lair:1   | Reached XP level 12. HP: 74/86 MP: 22/24
 15953 | Lair:1   | Reached skill level 10 in Long Blades
 16502 | Lair:2   | Identified the +2 hunting sling "Micsis" {flame, rC+ Int+7}
 16503 | Lair:2   | >:(
 16539 | Lair:2   | Found a hole to the Spider Nest.
 16599 | Lair:2   | Acquired a +1 double sword of holy wrath
 16948 | Lair:2   | Noticed a catoblepas
 16967 | Lair:2   | Killed a catoblepas
 17096 | Lair:2   | Learned a level 5 spell: Manifold Assault
 17642 | Lair:3   | Noticed a boulder beetle
 17685 | Lair:3   | Found a staircase to the Swamp.
 17701 | Lair:3   | Killed a boulder beetle
 18053 | Lair:3   | Noticed an eight-headed hydra
 18058 | Lair:3   | Killed an eight-headed hydra
 18157 | Lair:3   | Reached skill level 11 in Air Magic
 18439 | Lair:3   | Reached skill level 1 in Evocations
 18619 | Lair:3   | You fall into a shaft and drop 2 floors!
 18656 | Lair:5   | Reached skill level 10 in Spellcasting
 18656 | Lair:5   | Gained mutation: You can hop long distances. [Barachi
                  | growth]
 18656 | Lair:5   | Reached XP level 13. HP: 64/92 MP: 6/27
 18673 | Lair:5   | Learned a level 1 spell: Apportation
 18868 | Lair:5   | Found a gate leading to a gauntlet.
 18883 | Gauntlet | Entered a Gauntlet
 18883 | Gauntlet | Found a runed translucent gate.
 18883 | Gauntlet | Found a transporter.
 18883 | Gauntlet | Found a transporter.
 18883 | Gauntlet | Found a transporter.
 18883 | Gauntlet | Found a transporter.
 18885 | Gauntlet | Found a transporter.
 18887 | Gauntlet | Found a runed translucent gate.
 18888 | Gauntlet | Found a transporter.
 18888 | Gauntlet | Found a runed translucent gate.
 18897 | Gauntlet | Found a transporter.
 18898 | Gauntlet | Found a transporter.
 18899 | Gauntlet | Found a transporter.
 18900 | Gauntlet | Found a transporter.
 18904 | Gauntlet | Noticed an entropy weaver
 18907 | Gauntlet | Found a transporter.
 18911 | Gauntlet | Found a transporter.
 19112 | Gauntlet | Identified the +0 pair of boots of Belivuim {rElec rF+
                  | Str-5 Dex+9}
 19209 | Gauntlet | Identified the ring of Tulips {*Corrode rN+++ Will++ Str+6
                  | Stlth+}
 19211 | Gauntlet | O_O
 19216 | Gauntlet | Identified the +7 war axe of the Spheres {elec, Str+4}
 19243 | Gauntlet | Identified the ring of Yrugh {rF+ rN++}
 19243 | Gauntlet | Noticed a minotaur
 19255 | Gauntlet | HP: 4/138 [minotaur (21)]
 19255 | Gauntlet | Slain by a minotaur

Illustrated notes

###.......#######.### #
>..................# #.
#.......#.#.###.#.#
##.####..#.#.#..........###
#.........###........##.#..
#.<#....#..#.#.......##....
#..#..##.##.##.......##.#..
#..#..#...#†##.............
#.###.......))@.##.......####..
........).#..^####...>.....##..
O...#.##.###.## ####.####.##..
o .. #.# #.# #.# #.#### .. #.#
#.# #.# #.# # . #.# #.# ## #.#
#.#### .O# #.###.####.####.#...
..# #.##.<)...#.......## ..#
#.#.#.#.##.####...##


Turn 7770 on D:6: based shock # .. ## ...###.#### ### ..........## ###..#
..........P# ##....# ..........# #....# ..........####.@.# .........>.#....##
.....#...........# ..## #####......## # ##........# #.........## #..........#
#..........#### #P........#....# # Turn 16503 on Lair:2: >:(
##....#.∩.................. ......#....................
##...©#..###########..##### #....#..#.........#..#...#
....###..#.........#..#..#. ##.. #≈..#).#..P#..#..#[##. #.
##..#.........####..## . #§..#©...©....#©©#©.#. ##..#@........####..##
#§..#?.#...#..#..#.##. ##..#.........#..#..#. #≈..#.........#..#...#
##§.###########..##### #§§................... ##§...................
##≈#≈#≈#≈#≈#≈#§#≈#≈#≈ #################### Turn 19211 on Gauntlet: O_O

Levels and vault maps discovered:
D:1:      dpeg_chamrin_arrival_tetris, layout_basic, kennysheep_crisscross,
          minmay_3d_cube
D:2:      layout_basic
D:3:      layout_loops_ring, chequers_temple_overflow_statue_of_worship,
          shapermc_ecumenical_altar_starsandcircs, minmay_misc_feat_enclosed,
          uniq_jessica
D:4:      corexii_shack_village, layout_layer_cave, serial_shops,
          kennysheep_little_box, nicolae_underground_beach, uniq_natasha
D:5:      cheibrodos_fzero, layout_cave_pools, kennysheep_mini_moat
D:6:      layout_loops_ring, gammafunk_ghost_hive, uniq_blork_the_orc
D:7:      layout_loops_ring, minmay_temple_entry_water_ring, serial_shops,
          nicolae_stop_n_shop_2, minmay_holes, minmay_misc_feat_alley,
          uniq_prince_ribbit1
D:8:      layout_basic, nemelex_diamond_rough_becter, ebering_ghost_rock_garden,
          hangedman_decor_opposing
D:9:      kennysheep_blocky_room, layout_irregular_city, uniq_maggie, uniq_pikel
D:10:     kennysheep_kobold_lugonu_temple, layout_gridville, dpeg_oklobed_lair,
          orc_0_dummy
Temple:   eino_temple_rhombus
Lair:1:   layout_cave_pods, cheibrodos_lair_reptile_den, grunt_megastairs_3
Lair:2:   layout_cave_pods, dummy_spider_entry
Lair:3:   layout_gridlike, swamp_mist, roderic_carrion_pond,
          infiniplex_staircase_pool_2
Lair:4:   pond_and_an_island_with_a_cottage, layout_misc_corridors, uniq_nessos
Lair:5:   layout_concentric_octagons, gauntlet_entry_generic,
          grunt_forest_stairs_basic
Gauntlet: minmay_gauntlet_mixed_big_or_small [nicolae_gauntlet_arena_x,
          minmay_gauntlet_arena_77_run_for_it,
          gammafunk_gauntlet_arena_chambers,
          minmay_gauntlet_arena_77_tiled_triplets,
          gammafunk_gauntlet_arena_hedges, minmay_gauntlet_arena_77_box,
          gauntlet_exit_green]

Skill      XL: |  1  2  3  4  5  6  7  8  9 10 11 12 13 |
---------------+----------------------------------------+-----
Long Blades    | 3 4 5 6 7 8 9 10 | 10.7
Translocations | 4 5 6 7 8 |  8.1
Fighting       | 3 5 |  5.4
Air Magic      | 1 2 4 6 8 10 11 | 11.6
Dodging        | 3 4 |  4.8
Shields        | 1 2 3 4 5 |  5.6
Armour         | 2 3 4 |  4.2
Conjurations   | 1 2 3 4 |  4.2
Spellcasting   | 3 4 5 6 8 10 | 10.6
Throwing       | 2 |  2.6
Poison Magic   | 1 3 5 6 7 |  7.3
Stealth        | 1 2 |  2.1
Evocations     | 1 |  1.7

Action                   |  1- 3 |  4- 6 |  7- 9 | 10-12 | 13-15 || total
-------------------------+-------+-------+-------+-------+-------++-------
Melee: Falchion          |   144 |   169 |   118 |    13 |       ||   444
       Staff             |       |       |       |     1 |       ||     1
       Scimitar          |       |       |       |   185 |    18 ||   203
Throw: Dart              |     6 |    19 |    14 |     3 |       ||    42
       Boomerang         |       |       |    11 |    14 |       ||    25
       Javelin           |       |       |       |     8 |       ||     8
 Cast: Blink             |     1 |     3 |     9 |     2 |       ||    15
       Shock             |       |    45 |   249 |   110 |       ||   404
       Airstrike         |       |       |     3 |   158 |    18 ||   179
       Olgreb's Toxic Ra |       |       |       |    19 |     6 ||    25
       Mephitic Cloud    |       |       |       |     6 |     1 ||     7
       Iskenderun's Myst |       |       |       |     4 |     4 ||     8
       Manifold Assault  |       |       |       |     4 |     2 ||     6
       Apportation       |       |       |       |       |     2 ||     2
Invok: Call Merchant     |       |       |       |     2 |       ||     2
 Abil: Hop               |       |       |     2 |       |     1 ||     3
Evoke: Wand              |       |       |       |    16 |     6 ||    22
  Use: Scroll            |       |     6 |     4 |    17 |       ||    27
       Potion            |       |     4 |       |       |     2 ||     6
 Stab: Confused          |       |       |       |     3 |       ||     3
       Distracted        |       |       |       |     2 |       ||     2
       Petrified         |       |       |       |     3 |       ||     3
Armor: Leather armour    |    65 |    91 |   107 |   122 |    13 ||   398
       Skin              |       |    43 |       |       |     3 ||    46
Dodge: Dodged            |   128 |   116 |   123 |   182 |    22 ||   571
Block: Buckler           |       |    16 |    50 |    69 |    10 ||   145

Table legend: (Time is in decaauts)
 A = Elapsed time spent in this place.
 B = Non-inter-level travel time spent in this place.
 C = Inter-level travel time spent in this place.
 D = Time resting spent in this place.
 E = Time spent auto-exploring this place.
 F = Levels seen in this place.
 G = Mean time per level.
                   A        B        C        D        E       F      G
               +--------+--------+--------+--------+--------+-----+--------+
         Total |  21431 |  20078 |   1353 |   3616 |  11888 |  17 | 1260.6 |
       Dungeon |  16114 |  14919 |   1195 |   2798 |   8887 |  10 | 1611.4 |
        Temple |     28 |     18 |     10 |      0 |      0 |   1 |   28.0 |
          Lair |   4864 |   4717 |    147 |    798 |   3000 |   5 |  972.8 |
      Gauntlet |    425 |    425 |      0 |     20 |      0 |   1 |  425.0 |
               +--------+--------+--------+--------+--------+-----+--------+

Top non-repeatable levels by time:
     D:4: 2830 daAuts
    D:10: 2102 daAuts
  Lair:1: 2047 daAuts
     D:5: 1911 daAuts
     D:1: 1904 daAuts
  Lair:2: 1532 daAuts
     D:6: 1525 daAuts
     D:3: 1524 daAuts
     D:9: 1411 daAuts
     D:8: 1217 daAuts
     D:7: 1048 daAuts
  Lair:3: 986 daAuts
     D:2: 638 daAuts
Gauntlet: 425 daAuts
  Lair:5: 295 daAuts
